 Dungeon Crawl Stone Soup version 0.25.1-2-g60ff931df9 (webtiles) character file.

Game seed: 3750430734010538547

1289 solopath the Digger (level 8, -3/62 HPs)
             Began as a Barachi Earth Elementalist on Oct 20, 2020.
             Was a Believer of Sif Muna.
             Slain by a gnoll
             ... wielding a +0 vorpal spear
              (8 damage)
             ... on level 6 of the Dungeon.
             The game lasted 00:15:18 (7420 turns).

solopath the Digger (Barachi Earth Elementalist)    Turns: 7420, Time: 00:15:18

Health: -3/62      AC:  2    Str: 10    XL:     8   Next: 55%
Magic:  14/14      EV: 12    Int: 17    God:    Sif Muna [**....]
Gold:   305        SH:  0    Dex: 13    Spells: 1/16 levels left

rFire    . . .     SeeInvis .   z - +7 captain's cutlass {speed, disarm}
rCold    . . .     Gourm    .   (no shield)
rNeg     . . .     Faith    .   y - +0 robe (curse)
rPois    .         Spirit   .   (helmet restricted)
rElec    .         Reflect  .   k - scarf {+Inv}
rCorr    .         Harm     .   (no gloves)
MR       .....                  (no boots)
Stlth    +++.......             (no amulet)
HPRegen  0.20/turn              m - ring of wizardry
MPRegen  0.14/turn              (no ring)

@: can't hop, slow
A: +LOS, swims, horns 1, robust 1, slowness 1, strong legs 1
a: Hop, Channel Magic, Renounce Religion, Evoke Invisibility


You were on level 6 of the Dungeon.
You worshipped Sif Muna.
Sif Muna was pleased with you.
You were near starving.

You visited 1 branch of the dungeon, and saw 6 of its levels.

You collected 305 gold pieces.

Inventory:

Hand Weapons
 h - a +3 dagger of draining
 z - the +7 captain's cutlass (weapon) {speed, disarm}
   (You acquired it on level 6 of the Dungeon)

   Attacks with this weapon are significantly faster.
Missiles
 b - 30 stones (quivered)
Armour
 c - a +0 robe
 j - the +0 helmet "Hitzubr Ciza" {rC+ Dex+4}
   (You took it off Robin on level 3 of the Dungeon)

   It affects your dexterity (+4).
   It protects you from cold.
 k - a scarf of invisibility (worn)
 y - a cursed +0 robe (worn)
 C - a +1 robe of magic resistance
Magical Staves
 x - an uncursed staff of poison
Jewellery
 m - a ring of wizardry (left hand)
Wands
 a - a wand of disintegration (14)
Scrolls
 i - 3 scrolls of identify
 n - 2 scrolls of enchant weapon
 q - a scroll of magic mapping
 t - a scroll of fog
 A - a scroll of fear {unknown}
 B - a scroll of amnesia {unknown}
Potions
 e - a potion of curing
 f - 2 potions of heal wounds
 l - a potion of haste
 o - 2 potions of resistance {unknown}
 p - a potion of magic
 s - 2 potions of brilliance {unknown}
 u - 3 potions of stabbing {unknown}
 v - 2 potions of invisibility {unknown}
Comestibles
 d - 12 rations


   Skills:
 + Level 2.4 Fighting
 - Level 3.1 Short Blades
 + Level 2.4 Armour
 - Level 2.1 Dodging
 + Level 4.4 Stealth
 + Level 4.5 Spellcasting
 + Level 3.8 Transmutations
 * Level 6.6 Earth Magic


You had one spell level left.
You knew the following spells:

 Your Spells              Type           Power        Failure   Level  Hunger
a - Sandblast             Erth           ####..       1%          1    None
b - Passwall              Tmut/Erth      ###.....     1%          2    ##.....
c - Stone Arrow           Conj/Erth      ###...       4%          3    ###....
d - Petrify               Tmut/Erth      ###.....     7%          4    ####...
e - Lee's Rapid Deconstr  Erth           ####......   11%         5    ######.

Your spell library contained the following spells:

 Spells                   Type           Power        Failure   Level  Hunger


Dungeon Overview and Level Annotations

Branches:
Dungeon (6/15)             Temple (0/1) D:4

Altars:
Ashenzari
Cheibriados
Elyvilon
Fedhas
Hepliaklqana
Nemelex Xobeh
Okawaru
Qazlal
Sif Muna
Trog
Xom
Zin
The Shining One
Jiyva

Shops:
D:4 }

Annotations:
D:3 exclusion: oklob plant


Innate Abilities, Weirdness & Mutations

You can be seen from farther away. (+LOS)
You can swim through water.
You cover ground slowly.
You can hop short distances.
You have a pair of small horns on your head.
You are robust. (+10% HP)


Message History

The gnoll's +0 spear falls to the floor!
You kill the gnoll!
Sif Muna accepts your kill. The gnoll barely misses you.
The gnoll closely misses you.
The gnoll hits you with a +0 vorpal spear.
You puncture the gnoll!
The gnoll is heavily wounded.
The gnoll hits you with a +0 halberd!
* * * LOW HITPOINT WARNING * * *
The gnoll hits you with a +0 vorpal spear!
* * * LOW HITPOINT WARNING * * *
x2 Unknown command.
You barely miss the gnoll.
The gnoll is heavily wounded.
You hit the gnoll but do no damage.
The gnoll is heavily wounded.
The gnoll closely misses you.
The gnoll hits you with a +0 vorpal spear!
You die...

#.# #.##..#......
#.# #.##..#######
#.# #.##..# #.#
#.##..# #.# #.....#
#.# #.##.## #. #>#
#.##.# .###..###†#
#.#
......Og@)###.#...#
####...g.)........#
#..#######.#...# ##
#.....# ..# #.# .##
.# . # #. ..


You could see an ogre and 2 gnolls.

Vanquished Creatures
  Grinder (D:3)
  Eustachio (D:6)
  An ice beast (D:5)
  A black bear (D:6)
  An ogre (D:5)
  2 scorpions (D:5)
  A water moccasin skeleton (D:4)
  2 crimson imps (D:5)
  2 hounds
  An orc priest (D:5)
  Crazy Yiuf (D:3)
  Terence (D:2)
  An orc wizard (D:6)
  2 worker ants
  A howler monkey zombie (D:6)
  Robin (D:3)
  12 adders
  A howler monkey skeleton (D:5)
  3 gnolls
  2 shadow imps (D:5)
  An ooze (D:4)
  3 adder skeletons
  2 worms
  A dart slug (D:1)
  6 orcs
  3 giant cockroaches
  15 goblins
  4 hobgoblins
  4 jackals (D:4)
  A quokka (D:5)
  A ball python (D:3)
  8 bats
  5 frilled lizards
  9 kobolds
  6 rats
107 creatures vanquished.

Vanquished Creatures (others)
  12 toadstools (D:3)
12 creatures vanquished.

Grand Total: 119 creatures vanquished

Notes
Turn   | Place    | Note
-------+----------+-------------------------------------------
     0 | D:1      | solopath the Barachi Earth Elementalist began the quest for
                  | the Orb.
     0 | D:1      | Reached XP level 1. HP: 13/13 MP: 3/3
    85 | D:1      | Found a viscous altar of Jiyva.
    85 | D:1      | Noticed a jelly
    85 | D:1      | Noticed a jelly
    85 | D:1      | Noticed a jelly
    85 | D:1      | Noticed a jelly
    85 | D:1      | Noticed a jelly
    89 | D:1      | Noticed a jelly
   554 | D:1      | Reached XP level 2. HP: 19/19 MP: 5/5
   881 | D:1      | Reached XP level 3. HP: 24/24 MP: 6/6
  1424 | D:2      | Learned a level 2 spell: Passwall
  1428 | D:2      | Learned a level 3 spell: Stone Arrow
  1477 | D:2      | Gained mutation: You are robust. (+10% HP) [potion of
                  | mutation]
  1477 | D:2      | Gained mutation: You have a pair of small horns on your
                  | head. [potion of mutation]
  1885 | D:2      | Reached skill level 1 in Short Blades
  1885 | D:2      | Reached XP level 4. HP: 33/33 MP: 8/8
  1941 | D:2      | Found a shimmering blue altar of Sif Muna.
  2027 | D:2      | Became a worshipper of Sif Muna the Loreminder
  2103 | D:2      | Noticed Terence
  2121 | D:2      | Killed Terence
  2121 | D:2      | Reached skill level 4 in Earth Magic
  2780 | D:3      | Found an iron altar of Okawaru.
  2798 | D:3      | Identified the +0 helmet "Hitzubr Ciza" {rC+ Dex+4}
  2798 | D:3      | Noticed Robin
  2911 | D:3      | Reached XP level 5. HP: 30/38 MP: 5/9
  3085 | D:3      | Killed Robin
  3202 | D:3      | Noticed Grinder
  3226 | D:3      | Paralysed by Grinder for 3 turns
  3257 | D:3      | Killed Grinder
  3257 | D:3      | Reached XP level 6. HP: 37/45 MP: 8/11
  3324 | D:3      | Found a hazy altar of Hepliaklqana.
  3492 | D:3      | Found a runed translucent door.
  3493 | D:3      | Noticed Crazy Yiuf
  3498 | D:3      | Killed Crazy Yiuf
  3498 | D:3      | Reached skill level 5 in Earth Magic
  3555 | D:3      | Found a blossoming altar of Fedhas.
  3577 | D:3      | Noticed an oklob plant
  3681 | D:3      | Found a sparkling altar of Nemelex Xobeh.
  3797 | D:3      | Reached * piety under Sif Muna
  4207 | D:4      | Found a staircase to the Ecumenical Temple.
  4526 | D:4      | Reached XP level 7. HP: 30/50 MP: 10/12
  4971 | D:4      | Found Usuruy's Gadget Boutique.
  5218 | D:5      | Entered Level 5 of the Dungeon
  5396 | D:5      | Found a glowing golden altar of the Shining One.
  5420 | D:5      | Learned a level 4 spell: Petrify
  5711 | D:5      | Found a bloodstained altar of Trog.
  5821 | D:5      | Reached skill level 1 in Fighting
  5994 | D:5      | Reached skill level 1 in Armour
  6153 | D:5      | Found a shattered altar of Ashenzari.
  6156 | D:5      | Found a white marble altar of Elyvilon.
  6159 | D:5      | Found a shimmering altar of Xom.
  6173 | D:5      | Reached skill level 6 in Earth Magic
  6173 | D:5      | Reached XP level 8. HP: 22/59 MP: 12/14
  6367 | D:5      | Found a snail-covered altar of Cheibriados.
  6607 | D:6      | Learned a level 5 spell: Lee's Rapid Deconstruction
  6610 | D:6      | Found a stormy altar of Qazlal.
  6661 | D:6      | Found a glowing silver altar of Zin.
  7156 | D:6      | Noticed Eustachio
  7169 | D:6      | Killed Eustachio
  7266 | D:6      | Identified a scroll of acquirement
  7266 | D:6      | Acquired the +7 captain's cutlass {speed, disarm}
  7267 | D:6      | Found the +7 captain's cutlass {speed, disarm}
  7414 | D:6      | Reached ** piety under Sif Muna
  7420 | D:6      | Slain by a gnoll

Illustrated notes

Levels and vault maps discovered:
D:1:      erik_arrival_cave_to_civilisation [erik_arrival_cave_to_temple],
          layout_basic
D:2:      layout_basic, lemuel_round_altar, uniq_terence
D:3:      layout_rooms, tgw_fedhas, okawaru_ov_weapons_minmay,
          nemelex_altar_shiori, marbit_many_paths, first_ration, hex_medium,
          uniq_grinder, uniq_robin, uniq_crazy_yiuf_cottage
D:4:      minmay_skewed_foursquare, layout_cave_pods, minmay_temple_entry_waves,
          serial_shops, shop, serial_bayou_ford_a
D:5:      layout_rooms, overflow_temple_1_default, bloody_trog,
          grunt_temple_overflow_cloverleaf
D:6:      layout_loops_ring, zin_academy, basic_altar, uniq_eustachio,
          uniq_edmund

Skill      XL: |  1  2  3  4  5  6  7  8 |
---------------+-------------------------+-----
Stealth        | 2 3 4 |  4.4
Short Blades   | 1 2 3 |  3.1
Earth Magic    | 4 5 6 |  6.6
Spellcasting   | 3 4 |  4.5
Transmutations | 2 3 |  3.8
Fighting       | 1 2 |  2.4
Armour         | 1 2 |  2.4
Dodging        | |  2.1

Action                   |  1- 3 |  4- 6 |  7- 9 || total
-------------------------+-------+-------+-------++-------
Melee: Dagger            |    52 |   140 |   119 ||   311
       Unarmed           |     7 |    13 |       ||    20
       Headbutt          |       |    12 |    19 ||    31
       Cutlass           |       |       |     9 ||     9
 Cast: Sandblast         |    13 |    17 |    26 ||    56
       Stone Arrow       |       |       |     2 ||     2
       Petrify           |       |       |     2 ||     2
 Abil: Hop               |     2 |     3 |     3 ||     8
  Use: Potion            |     2 |     1 |     2 ||     5
       Scroll            |       |     3 |     6 ||     9
 Stab: Sleeping          |     7 |     2 |     5 ||    14
       Confused          |       |     2 |       ||     2
       Distracted        |       |     1 |       ||     1
  Eat: Chunk             |     4 |     9 |     5 ||    18
       Ration            |       |       |     1 ||     1
Armor: Robe              |    12 |    29 |    11 ||    52
       Skin              |       |     3 |       ||     3
Dodge: Dodged            |    31 |   119 |    52 ||   202
